 Dungeon Crawl Stone Soup version 0.30-a0-4-ga7cffc901d (webtiles) character file.

Game seed: 2826437225043330747

775 Spectrina the Magician (level 8, -4/84 HPs)
             Began as a Djinni Venom Mage on Aug 19, 2022.
             Slain by Pikel
             ... wielding a +2 whip of freezing
              (7 damage)
             ... on level 5 of the Dungeon on Aug 20, 2022.
             The game lasted 00:26:58 (2277 turns).

Spectrina the Magician (Djinni Venom Mage)          Turns: 2277, Time: 00:26:58

Health: -4/84      AC: 24    Str:  5 (6)  XL:     8   Next: 10%
Gold:   222        EV:  2    Int: 21 (23) God:
                   SH:  0    Dex: 13

rFire   . . .      SeeInvis .    (no weapon)
rCold   . . .      Faith    .    (no shield)
rNeg    . . .      Spirit   .    (body armour currently unavailable)
rPois   ∞          Reflect  .    (helmet currently unavailable)
rElec   .          Harm     .    (cloak currently unavailable)
rCorr   .          Rampage  .    (gloves currently unavailable)
Will    .....      NoTele   +    (boots unavailable)
Stlth   ++........               (no amulet)
HPRegen 0.24/turn                (no ring)
MPRegen 0.00/turn                (no ring)

@: brilliant, tree-form
A: stationary, stasis, torment immunity, boosted hp, sickness immunity, (fire
resistance 2), (cold vulnerability 1), float, innate caster, HP casting, extra
vitality 1, clever 1, inability to drink after injury 1
a: no special abilities


You were on level 5 of the Dungeon.
You were a tree.
You visited 1 branch of the dungeon, and saw 7 of its levels.

You collected 222 gold pieces.

Inventory:

Hand Weapons
 d - a +0 sling
 i - a +0 scythe
Missiles
 m - 4 datura-tipped darts
 p - a throwing net
Armour
 a - a +0 robe (melded)
 b - a +0 helmet (melded)
 n - a +0 cloak (melded)
Scrolls
 c - a scroll of amnesia {unknown}
 e - a scroll of enchant weapon {unknown}
 f - a scroll of immolation {unknown}
 g - 3 scrolls of identify {unknown}
 h - 2 scrolls of acquirement {unknown}
 o - a scroll of vulnerability {unknown}
 q - a scroll of poison {unknown}
 r - a scroll of summoning {unknown}
 u - a scroll of noise {unknown}
 v - a scroll of teleportation {unknown}
Potions
 s - 2 potions of cancellation


   Skills:
 + Level 3.1 Fighting
 + Level 4.2 Dodging
 + Level 3.4 Stealth
 * Level 4.5 Spellcasting
 + Level 3.0 Invocations


You had one spell level left.
You knew the following spells:

 Your Spells              Type           Power      Damage    Failure   Level
a - Sting                 Tmut/Pois      100%       1d8       1%          1
l - Mephitic Cloud        Conj/Pois/Air  35%        N/A       5%          3
m - Wereblood             Tmut           35%        N/A       2%          2
p - Call Imp              Summ           35%        N/A       2%          2
q - Poisonous Vapours     Pois/Air       70%        N/A       2%          2
w - Olgreb's Toxic Radia  Pois           35%        N/A       19%         4
x - Apportation           Tloc           70%        N/A       1%          1
Your spell library was empty.

Dungeon Overview and Level Annotations

Branches:
Dungeon (7/15)
 Temple: D:4-7

Altars:

Annotations:
D:5 Pikel


Innate Abilities, Weirdness & Mutations

You are a tree.
Your roots penetrate the ground, keeping you stationary.
You cannot be teleported.
You are immune to unholy pain and torment.
Your maximum health is greatly increased.
Your equipment is partially melded.
You are immune to sickness and miasma.
You are immune to poison.
((Your flesh is very heat resistant. (rF++)))
((You are vulnerable to cold. (rC-)))
You float through the air rather than walking.
You learn spells naturally, not from books.
Your magical power is your life essence.
You have superior vitality. (+4 MHP)
Your mind is acute. (Int +4, Str/Dex -1)
You occasionally lose the ability to drink potions when taking damage.


Message History

You feel better.
Pikel hits you with a +2 whip of freezing.
* * * LOW HITPOINT WARNING * * *
Pikel freezes you.
* * * LOW HITPOINT WARNING * * *
The hound barely misses you.
Unknown command.
Unknown command.
You hit the hound.
You kill the hound!
Pikel hits you but does no damage.
Your Invocations skill increases to level 3!
Unknown command.
You hit Pikel.
Pikel is moderately wounded.
Pikel hits you but does no damage.
You hit Pikel.
Pikel is moderately wounded.
Pikel looks more healthy.
Pikel hits you with a +2 whip of freezing!
* * * LOW HITPOINT WARNING * * *
Pikel freezes you.
* * * LOW HITPOINT WARNING * * *
You hit Pikel.
Pikel is moderately wounded.
Pikel hits you but does no damage.
You hit Pikel.
Pikel is heavily wounded.
The lemure looks more healthy.
Pikel hits you but does no damage.
You hit Pikel. You punch Pikel, but do no damage.
Pikel is heavily wounded.
You kill the adder!
Pikel hits you but does no damage.
You hit Pikel.
Pikel is heavily wounded.
Pikel barely misses you.
You hit Pikel.
Pikel is severely wounded.
Pikel hits you with a +2 whip of freezing!
You die...

.>....#... ..... ......#.# ....
## ........# .... .. >.....#.###
## ### ... ........#.+ +. #.+ ...
......#'#.#####.#+# #+#.###....
......#.)...#.=...# #.....#....
..##+##.....+.....##+##..5.S'....
..#...#.....#...♣.#...#).5..#...#
#+#...#'#.#####†#K#...#'#5#####.#
#.......#.+...+.#555....#.'...'.#
###...#####...#####...#####...###
..'...'.#.5.....#.+...+.#.......#
..#####)#'#...#'#.#####.#+#...#+#
....#.)...#...#.....#..†Y.#...#.#
#.)'.....##'##.....+.....##'##.#
#..#.....#...#.....#.....##....#


You could see Pikel and 3 lemures.

Vanquished Creatures
  Sigmund (D:3)
  A sky beast (D:6)
  A necrophage (D:6)
  3 orc priests
  2 hounds (D:5)
  Jessica (D:2)
  4 orc wizards
  Robin (D:3)
  5 adders
  A worm (D:4)
  7 orcs
  2 ball pythons
  4 endoplasms
  A giant cockroach (D:2)
  14 goblins
  3 hobgoblins (D:3)
  4 jackals (D:4)
  2 quokkas
  4 bats
  2 frilled lizards
  6 kobolds
  3 rats
72 creatures vanquished.

Vanquished Creatures (collateral kills)
  An orc priest (D:6)
  An iguana (D:5)
  2 adders
  A worm (D:4)
  2 orcs
  An endoplasm (D:4)
  A goblin (D:4)
9 creatures vanquished.

Grand Total: 81 creatures vanquished

Notes
Turn   | Place    | Note
-------+----------+-------------------------------------------
     0 | D:1      | Spectrina the Djinni Venom Mage began the quest for the
                  | Orb.
     0 | D:1      | Spectrina set off with the following spells memorised:
                  | Sting, Poisonous Vapours, Mephitic Cloud, Olgreb's Toxic
                  | Radiance.
     0 | D:1      | Reached XP level 1. HP: 15/15 MP: 0/0
    55 | D:1      | Found a faded altar of an unknown god.
    99 | D:1      | Reached XP level 2. HP: 12/21 MP: 0/0
   390 | D:3      | Reached XP level 3. HP: 16/26 MP: 0/0
   390 | D:3      | Learned a level 1 spell: Apportation
   409 | D:3      | Reached skill level 1 in Fighting
   488 | D:2      | Noticed Jessica
   495 | D:2      | Killed Jessica
   496 | D:2      | Reached skill level 1 in Invocations
   496 | D:2      | Reached XP level 4. HP: 18/32 MP: 0/0
   723 | D:3      | Noticed Robin
   724 | D:3      | Noticed Sigmund
   730 | D:3      | Gained mutation: Your muscles are strong. (Str +4, Int/Dex
                  | -1) [potion of mutation]
   730 | D:3      | Lost mutation: Your muscles are strong. (Str +4, Int/Dex
                  | -1) [potion of mutation]
   730 | D:3      | Gained mutation: You occasionally lose the ability to drink
                  | potions when taking damage. [potion of mutation]
   730 | D:3      | Gained mutation: Your mind is acute. (Int +4, Str/Dex -1)
                  | [potion of mutation]
   732 | D:3      | Killed Robin
   735 | D:3      | Killed Sigmund
   736 | D:3      | Reached XP level 5. HP: 4/38 MP: 0/0
   736 | D:3      | Learned a level 2 spell: Call Imp
   736 | D:3      | Reached XP level 6. HP: 5/43 MP: 0/0
  1039 | D:4      | Upgraded the game from 0.29-a0-1065-g47a6bb87d6 to
                  | 0.30-a0-4-ga7cffc901d
  1265 | D:5      | Entered Level 5 of the Dungeon
  1277 | D:5      | Noticed an ice beast
  1641 | D:6      | Reached XP level 7. HP: 23/49 MP: 0/0
  1641 | D:6      | Learned a level 2 spell: Wereblood
  2104 | D:5      | Reached XP level 8. HP: 30/56 MP: 0/0
  2245 | D:5      | Noticed Pikel
  2272 | D:5      | HP: 3/84 [Pikel/+2 whip of freezing (7)]
  2277 | D:5      | Slain by Pikel

Illustrated notes

Levels and vault maps discovered:
D:1:      lemuel_arrival_behind_the_door_large, layout_loops_corners,
          serial_shops, shop, ebering_ecumenical_altar_ruins
D:2:      layout_basic, uniq_jessica
D:3:      layout_loops_corners, uniq_robin, uniq_sigmund
D:4:      layout_rooms
D:5:      nicolae_cairo_tiling_large, layout_rooms,
          minmay_temple_entry_overgrown, serial_curves, eino_curves_02,
          eino_curves_02, uniq_pikel
D:6:      layout_loops_ring, trog_three_pillars_becter, lemuel_blue_sif_altar,
          xom_redecorated, hangedman_abyss_or_decor_lesser_grid,
          grunt_decor_fettered
D:7:      layout_basic, minmay_manual_mandibuliform

Skill      XL: |  1  2  3  4  5  6  7  8 |
---------------+-------------------------+-----
Fighting       | 1 2 3 |  3.1
Stealth        | 2 3 |  3.4
Invocations    | 1 2 3 |  3.0
Spellcasting   | 3 4 |  4.5
Dodging        | 3 4 |  4.2

Action                   |  1- 3 |  4- 6 |  7- 9 || total
-------------------------+-------+-------+-------++-------
Melee: Unarmed           |     2 |       |     9 ||    11
       Halberd           |       |       |    14 ||    14
       Punch             |       |       |     1 ||     1
 Fire: Sling             |    21 |    25 |    17 ||    63
 Cast: Sting             |    32 |    30 |     1 ||    63
       Mephitic Cloud    |     1 |     1 |       ||     2
       Olgreb's Toxic Ra |       |     5 |     6 ||    11
       Poisonous Vapours |       |    11 |    12 ||    23
       Call Imp          |       |    11 |    11 ||    22
  Use: Potion            |       |     3 |     5 ||     8
 Stab: Distracted        |       |       |     1 ||     1
       Sleeping          |       |       |     1 ||     1
Armor: Robe              |     1 |     7 |     9 ||    17
       Skin              |       |       |    12 ||    12
Dodge: Dodged            |     7 |    21 |    19 ||    47

Table legend: (Time is in decaauts)
 A = Elapsed time spent in this place.
 B = Non-inter-level travel time spent in this place.
 C = Inter-level travel time spent in this place.
 D = Time resting spent in this place.
 E = Time spent auto-exploring this place.
 F = Levels seen in this place.
 G = Mean time per level.
                   A        B        C        D        E       F      G
               +--------+--------+--------+--------+--------+-----+--------+
         Total |   2306 |   2240 |     66 |      0 |      0 |   7 |  329.4 |
       Dungeon |   2306 |   2240 |     66 |      0 |      0 |   7 |  329.4 |
               +--------+--------+--------+--------+--------+-----+--------+

Top non-repeatable levels by time:
     D:4: 604 daAuts
     D:3: 594 daAuts
     D:5: 392 daAuts
     D:6: 289 daAuts
     D:2: 196 daAuts
     D:1: 185 daAuts
     D:7: 44 daAuts
